 Dungeon Crawl Stone Soup version 0.19.1 (webtiles) character file.

17588 nikopol the Cleaver (level 12, -3/160 HPs)
             Began as a Minotaur Berserker on Nov 28, 2016.
             Was a High Priest of Trog.
             Slain by an entropy weaver (11 damage)
             ... on level 4 of the Lair of Beasts.
             The game lasted 00:34:05 (12219 turns).

nikopol the Cleaver (Minotaur Berserker)           Turns: 12219, Time: 00:34:06

Health: -3/160     AC:  1    Str: 32    XL:     12   Next: 20%
Magic:  11/11      EV: 15    Int:  4    God:    Trog [*****.]
Gold:   466        SH:  0    Dex: 17    Spells: 0 memorised, 11 levels left

rFire  . . .     SeeInvis .     a - +0 hand axe
rCold  . . .     Gourm    .     G - +2 chain mail {rPois}
rNeg   . . .     Faith    +     (no shield)
rPois  +         Spirit   .     (helmet restricted)
rElec  .         Reflect  .     x - +1 cloak
rCorr  .         Harm     .     l - +1 pair of gloves
MR     .....                    b - +2 pair of boots {Fly}
Stlth  ..........               n - amulet of faith
                                v - +4 ring of strength
                                o - +3 ring of dexterity

@: berserking (expiring), corroded, flying, very quick
A: retaliatory headbutt, horns 2
a: Berserk, Trog's Hand, Brothers in Arms, Burn Spellbooks, Renounce Religion,
Stop Flying


You were on level 4 of the Lair of Beasts.
You worshipped Trog.
Trog was extremely pleased with you.
You were very hungry.

You visited 2 branches of the dungeon, and saw 14 of its levels.
You also visited: Ossuary.

You collected 745 gold pieces.
You spent 279 gold pieces at shops.

Inventory:

Hand Weapons
 a - a +0 hand axe (weapon)
 z - a +1 shortbow
Missiles
 h - 185 arrows (quivered)
Armour
 b - a +2 pair of boots of flying (worn)
 l - a +1 pair of gloves (worn)
 x - a +1 cloak (worn)
 G - a +2 chain mail of poison resistance (worn)
 P - the +6 chain mail of the Hills {Str+2 Slay+3, unknown}
   (You found it on level 7 of the Dungeon)

   It affects your strength (+2).
   It affects your accuracy and damage with ranged weapons and melee attacks
   (+3).
Jewellery
 k - a cursed amulet of inaccuracy {unknown}
 n - an amulet of faith (around neck)
 o - a +3 ring of dexterity (left hand)
 v - a +4 ring of strength (right hand)
 L - a cursed amulet of inaccuracy {unknown}
 V - the ring "Vacuc" {rPois rC+ MR+ Int+6, unknown}
   (You found it on level 8 of the Dungeon)

   [ring of protection from cold]

   It affects your intelligence (+6).
   It protects you from cold.
   It protects you from poison.
   It affects your resistance to hostile enchantments.
 Z - an uncursed ring of ice {unknown}
Wands
 g - a wand of slowing (27/48)
 B - a wand of paralysis (24/24)
Scrolls
 e - a scroll of fear
 i - 5 scrolls of identify
 j - 8 scrolls of remove curse
 s - 3 scrolls of enchant weapon
 y - 3 scrolls of magic mapping
 D - 4 scrolls of teleportation
 H - 2 scrolls of fog
 J - 2 scrolls of blinking
 O - 8 scrolls of recharging
 R - a scroll of holy word
 W - a scroll of enchant armour
Potions
 f - 7 potions of agility
 m - 2 potions of berserk rage
 p - a potion of heal wounds
 w - 2 potions of cancellation
 C - a potion of magic
 E - 3 potions of curing
 K - 2 potions of haste
 M - 6 potions of might
 S - a potion of brilliance
Comestibles
 c - 11 bread rations
 d - 10 meat rations
 q - 3 beef jerkies
 r - 17 fruits
 t - 9 slices of pizza


   Skills:
 + Level 10.3 Fighting
 * Level 13.0 Axes
 * Level 10.5 Bows
 + Level 9.9 Armour
 + Level 9.4 Dodging


You had 11 spell levels left.
You didn't know any spells.

Dungeon Overview and Level Annotations

Branches:
Dungeon (10/15)            Temple (0/1) D:4            Lair (4/6) D:10
 Spider (0/4) Lair:2          Orc (0/2) D:9
  Swamp: Lair:2-4    Shoals: Lair:2-4

Altars:
Ashenzari
Gozag
Kikubaaqudgha
Okawaru
Qazlal
Sif Muna
The Shining One

Shops:
D:6 %   D:7 ?   D:10 [


Innate Abilities, Weirdness & Mutations

You reflexively headbutt those who attack you in melee.
You have a pair of horns on your head.


Message History

The entropic weave corrodes you!
You closely miss the entropy weaver.
The entropy weaver is almost dead.
The worker ant waves its antennae.
You closely miss the entropy weaver.
The entropy weaver is almost dead.
The entropy weaver hits you!
* * * LOW HITPOINT WARNING * * *
The entropy weaver hits you.
* * * LOW HITPOINT WARNING * * *
The entropy weaver hits you.
* * * LOW HITPOINT WARNING * * *
The entropy weaver hits you but does no damage.
You closely miss the entropy weaver.
The entropy weaver is almost dead.
You barely miss the entropy weaver.
Your headbutt misses the entropy weaver.
The entropy weaver is almost dead.
The entropy weaver hits you!
You die...

.........# .♣.#..#.
.........# ..♣P#.. #P
#...#....##♣....#
####.
#...#.#..#♣P.P.##
#.#..
#...####.#.♣≈♣..##.#.#
.#####...
P...#.##.P♣.≈≈.P....#
..P#.....
#...†......P♣≈.#####.#
..)......
.....<...#♣#.♣♣†#aaaa#
.........
.........##..♣..@#
..#..#.#
...###...##♣#P♣.##
.##.#..#. ..##
#...###...♣###
.........
#.####.............
.........
#...#.....#P.......
........#
..........#........
.####....
.(...P.............
###.#
.................##
..### #.#
#.....#####.......P
...P#####.#


You could see a queen ant, an entropy weaver and 2 worker ants.

Vanquished Creatures
  An entropy weaver (Lair:4)
  A hydra (Lair:3)
  A catoblepas (Lair:2)
  The ghost of Zebulonius the Severer, a novice MiBe of Trog (D:9)
  2 black mambas
  9 spiny frogs
  A rime drake (Lair:3)
  A komodo dragon (Lair:1)
  2 jumping spiders (Lair:2)
  A two-headed ogre (D:10)
  3 hippogriffs
  5 blink frogs (Lair:2)
  4 redbacks (Lair:2)
  A wyvern (D:10)
  3 hogs (D:8)
  9 yaks
  2 basilisks
  A human (D:8)
  A steam dragon (D:9)
  2 soldier ants (Lair:4)
  7 water moccasins
  Duvessa (D:5)
  7 porcupines
  A black bear (D:10)
  2 ice beasts
  A phantom (D:6)
  A sky beast (D:6)
  8 wolves
  5 ogres
  2 centaurs
  11 crocodiles
  An elf zombie (Ossuary)
  2 big kobolds
  3 bullfrogs
  Dowan (D:5)
  4 scorpions
  3 killer bees (D:10)
  2 howler monkeys (D:9)
  An electric eel (Lair:4)
  A crimson imp (D:6)
  A bullfrog zombie (D:9)
  4 hounds
  2 human zombies (Ossuary)
  3 orc priests (D:4)
  A quasit (D:9)
  Crazy Yiuf (D:6)
  An orc wizard (D:4)
  A bullfrog skeleton (D:4)
  A centaur skeleton (D:4)
  An iguana (D:5)
  Ijyb (D:3)
  8 worker ants
  A big kobold zombie (Ossuary)
  2 hound zombies (Ossuary)
  A hound skeleton (D:7)
  4 mummies (Ossuary)
  A howler monkey skeleton (D:6)
  10 adders
  A shadow imp (D:5)
  An adder skeleton (D:4)
  2 adder zombies
  6 worms
  3 dart slugs
  7 leopard geckos
  14 orcs
  5 ball pythons
  3 bats (D:1)
  A giant cockroach (D:5)
  3 goblins
  8 hobgoblins
  13 jackals
  3 quokkas
  5 frilled lizards
  A gnoll zombie (Ossuary)
  A goblin zombie (Ossuary)
  2 jackal zombies
  14 kobolds
  A kobold zombie (Ossuary)
  A leopard gecko zombie (D:5)
  A quokka skeleton (D:6)
  9 rats
  A rat zombie (Ossuary)
  2 fungi (Lair:2)
  A plant (Lair:2)
268 creatures vanquished.

Notes
Turn   | Place    | Note
-------+----------+-------------------------------------------
     0 | D:1      | nikopol the Minotaur Berserker began the quest for the Orb.
     0 | D:1      | Reached XP level 1. HP: 19/19 MP: 0/0
   202 | D:1      | Reached XP level 2. HP: 25/27 MP: 1/1
   903 | D:2      | Reached skill level 4 in Axes
   998 | D:2      | Reached XP level 3. HP: 27/33 MP: 2/2
  1065 | D:2      | Reached ** piety under Trog
  1471 | D:2      | Reached XP level 4. HP: 40/41 MP: 3/3
  1586 | D:3      | Found a faded altar of an unknown god.
  1816 | D:3      | Found an iron altar of Okawaru.
  1820 | D:3      | Noticed Ijyb
  1827 | D:3      | Killed Ijyb
  1827 | D:3      | Reached *** piety under Trog
  2128 | D:3      | Reached XP level 5. HP: 44/47 MP: 4/4
  2405 | D:4      | Reached skill level 5 in Fighting
  2425 | D:4      | Found a staircase to the Ecumenical Temple.
  2574 | D:4      | Reached XP level 6. HP: 56/56 MP: 5/5
  2645 | D:4      | Reached skill level 5 in Axes
  3059 | D:4      | Reached skill level 5 in Armour
  3149 | D:5      | Entered Level 5 of the Dungeon
  3149 | D:5      | Noticed an ice beast
  3159 | D:5      | Killed an ice beast
  3159 | D:5      | Reached XP level 7. HP: 48/62 MP: 6/6
  3208 | D:5      | Reached skill level 5 in Dodging
  3325 | D:5      | Noticed Dowan
  3326 | D:5      | Noticed Duvessa
  3336 | D:5      | Killed Duvessa
  3337 | D:5      | Killed Dowan
  3397 | D:5      | Reached **** piety under Trog
  3465 | D:5      | Reached skill level 6 in Axes
  3730 | D:5      | You fall through a shaft for 3 floors!
  3796 | D:8      | Reached XP level 8. HP: 70/71 MP: 7/7
  3809 | D:8      | Reached skill level 1 in Bows
  3924 | D:8      | Reached skill level 7 in Axes
  4280 | D:6      | Found a sand-covered staircase.
  4289 | Ossuary  | Entered an ossuary
  4304 | Ossuary  | Received a gift from Trog
  4309 | Ossuary  | Reached XP level 9. HP: 48/79 MP: 8/8
  4310 | Ossuary  | Reached skill level 8 in Axes
  4753 | D:6      | Found an ancient bone altar of Kikubaaqudgha.
  4761 | D:6      | Found an iron altar of Okawaru.
  4781 | D:6      | Found a shattered altar of Ashenzari.
  4783 | D:6      | Found an opulent altar of Gozag.
  4784 | D:6      | Found a glowing golden altar of the Shining One.
  4873 | D:6      | Reached ***** piety under Trog
  4885 | D:6      | Found Boul's Food Boutique.
  5302 | D:6      | Found a runed door.
  5327 | D:6      | Noticed Crazy Yiuf
  5331 | D:6      | Killed Crazy Yiuf
  5557 | D:7      | Got a brightly glowing chain mail
  5644 | D:7      | Found Saim's Magic Scroll Emporium.
  6035 | D:8      | Reached skill level 5 in Bows
  6184 | D:8      | Got a sparkling amber ring
  6635 | D:9      | Found a stormy altar of Qazlal.
  6649 | D:9      | Noticed Zebulonius's ghost (novice MiBe)
  6668 | D:9      | Killed Zebulonius's ghost
  6668 | D:9      | Reached skill level 9 in Axes
  6822 | D:9      | Received a gift from Trog
  6937 | D:9      | Found a staircase to the Orcish Mines.
  6981 | D:9      | Reached XP level 10. HP: 74/88 MP: 9/9
  7368 | D:10     | Entered Level 10 of the Dungeon
  7470 | D:10     | Reached skill level 10 in Axes
  7479 | D:10     | Found a staircase to the Lair.
  7499 | D:10     | Found Rawnatusk's Armour Emporium.
  7586 | D:10     | Found Lahewup's Gadget Shop.
  7602 | D:10     | Bought a +2 pair of boots of flying for 279 gold pieces
  7812 | Lair:1   | Entered Level 1 of the Lair of Beasts
  7825 | Lair:1   | Noticed a spiny frog
  7830 | Lair:1   | Killed a spiny frog
  7907 | Lair:1   | Noticed a black mamba
  7910 | Lair:1   | Received a gift from Trog
  7916 | Lair:1   | Killed a black mamba
  8118 | Lair:1   | Reached skill level 11 in Axes
  8403 | Lair:1   | Noticed a spiny frog
  8412 | Lair:1   | Killed a spiny frog
  8412 | Lair:1   | Reached XP level 11. HP: 84/97 MP: 10/10
  8842 | Lair:2   | Received a gift from Trog
  9368 | Lair:2   | Found a hole to the Spider Nest.
  9440 | Lair:2   | Noticed a catoblepas
  9576 | Lair:2   | Killed a catoblepas
  9576 | Lair:2   | Reached skill level 12 in Axes
  9756 | Lair:2   | Received a gift from Trog
 10240 | Lair:3   | Found a deep blue altar of Sif Muna.
 10281 | Lair:3   | Reached skill level 10 in Fighting
 10359 | Lair:3   | Reached skill level 10 in Bows
 10797 | Lair:3   | Noticed a five-headed hydra
 10812 | Lair:3   | Killed an 11-headed hydra
 11039 | Lair:3   | Reached XP level 12. HP: 106/106 MP: 11/11
 12189 | Lair:4   | Noticed an entropy weaver
 12190 | Lair:4   | Noticed an entropy weaver
 12190 | Lair:4   | Noticed a queen ant
 12202 | Lair:4   | Killed an entropy weaver
 12202 | Lair:4   | Reached skill level 13 in Axes
 12217 | Lair:4   | HP: 8/160 [entropy weaver (6)]
 12219 | Lair:4   | Slain by an entropy weaver

Skill      XL: |  1  2  3  4  5  6  7  8  9 10 11 12 |
---------------+-------------------------------------+-----
Fighting       | 4 5 6 7 8 9 10 | 10.3
Axes           | 4 5 6 7 9 11 12 13 | 13.0
Armour         | 3 4 5 6 7 8 9 |  9.9
Dodging        | 3 4 5 6 7 8 9 |  9.4
Bows           | 4 6 8 10 | 10.5

Action                   |  1- 3 |  4- 6 |  7- 9 | 10-12 || total
-------------------------+-------+-------+-------+-------++-------
Melee: Hand axe          |    79 |   131 |   171 |   273 ||   654
       Headbutt          |    10 |    39 |    56 |    95 ||   200
 Fire: Shortbow          |       |       |   112 |   282 ||   394
Invok: Berserk           |       |       |     2 |     5 ||     7
       Burn Spellbooks   |       |       |       |     1 ||     1
       Brothers in Arms  |       |       |       |     1 ||     1
  Use: Scroll            |       |       |    11 |    14 ||    25
       Potion            |       |       |       |     2 ||     2
  Eat: Chunk             |     2 |     5 |    13 |    14 ||    34
       Fruit             |       |       |     1 |     1 ||     2
       Beef jerky        |       |       |       |     2 ||     2
       Royal jelly       |       |       |       |     1 ||     1
Armor: Animal skin       |     3 |       |       |       ||     3
       Ring mail         |    22 |    38 |     7 |       ||    67
       Chain mail        |       |       |    67 |   145 ||   212
Dodge: Dodged            |    44 |    85 |   117 |   198 ||   444
